 Dungeon Crawl Stone Soup version 0.30.1-3-gfc49f6343a (webtiles) character file.

Game seed: 16344369480354515266

497 shmup the Firebug (level 7, -2/36 HPs)
             Began as a Tengu Fire Elementalist on Aug 8, 2023.
             Slain by a sleepcap (17 damage)
             ... on level 5 of the Dungeon on Aug 9, 2023.
             The game lasted 00:09:59 (4036 turns).

shmup the Firebug (Tengu Fire Elementalist)         Turns: 4036, Time: 00:09:59

Health: -2/36      AC:  3    Str:  8    XL:     7   Next: 16%
Magic:  2/13       EV:  2    Int: 18    God:
Gold:   182        SH:  0    Dex: 14    Spells: 10/13 levels left

rFire   . . .        a - +3 trident "Xioxearu" {drain, rElec}
rCold   . . .        (no shield)
rNeg    . . .        e - +1 robe
rPois   .            (helmet restricted)
rElec   +            (no cloak)
rCorr   .            (no gloves)
SInv    .            (boots unavailable)
Will    .....        (no amulet)
Stlth   ++           (no ring)
HPRegen 0.26/turn    (no ring)
MPRegen 0.13/turn

%: no passive effects
@: sleeping, flying quickly and evasively, quick
A: beak, talons 3, nimble flight
a: no special abilities


You were on level 5 of the Dungeon.
You visited 1 branch of the dungeon, and saw 5 of its levels.

You collected 224 gold pieces.
You spent 42 gold pieces at shops.

Inventory:

Hand Weapons
 a - the +3 trident "Xioxearu" (weapon) {drain, rElec}
   (You took it off a kobold on level 3 of the Dungeon)

   rElec:     It insulates you from electricity.
 b - a +0 sling
 j - a +0 dagger
 n - a +2 whip of draining
Missiles
 f - 42 stones
 m - 6 poisoned darts
Armour
 e - a +1 robe (worn)
Wands
 s - a wand of charming (11)
 u - a wand of acid (9)
 v - a wand of polymorph (7)
Scrolls
 k - a scroll of immolation
 p - a scroll of blinking
 r - a scroll of noise
Potions
 c - a potion of magic
 d - a potion of haste
 g - a potion of attraction
 h - 2 potions of curing
 i - 2 potions of heal wounds
 l - a potion of might
 o - 2 potions of mutation
 t - a potion of brilliance


   Skills:
 - Level 2.1 Dodging
 - Level 2.0 Stealth
 + Level 3.8 Spellcasting
 + Level 4.8 Conjurations
 * Level 6.5 Fire Magic


You had 10 spell levels left.
You knew the following spells:

 Your Spells              Type           Power      Damage    Failure   Level
a - Foxfire               Conj/Fire      96%        2x1d8     1%          1
b - Scorch                Fire           54%        2d7       1%          2

Your spell library contained the following spells:

 Spells                   Type           Power      Damage    Failure   Level
 Inner Flame              Hex/Fire       15%        N/A       12%         3
 Volatile Blastmotes      Fire/Tloc      30%        2d12      12%         3
 Flame Wave               Conj/Fire      24%        2d8       14%         4
 Lesser Beckoning         Tloc           6%         N/A       22%         2
 Gell's Gravitas          Tloc           3%         N/A       41%         3
 Teleport Other           Tloc           3%         N/A       41%         3


Dungeon Overview and Level Annotations

Branches:
Dungeon (5/15) Zot: 26057
 Temple: D:4-7

Altars:
Zin

Shops:
D:2 *


Innate Abilities, Weirdness & Mutations

You have a beak for a mouth.
You have claws for feet.
Your magical nature lets you fly swiftly and evasively.


Message History

Found a stone staircase leading down.
HP restored.
A sleepcap comes into view.
Casting: Foxfire (safe; 1% risk of failure)
Confirm with . or Enter, or press ? or * to list all spells.
Flames lash the sleepcap.
The sleepcap is lightly damaged.
The sleepcap's fire resistance burns away.
Casting: Scorch (safe; 1% risk of failure)
Confirm with . or Enter, or press ? or * to list all spells.
Flames lash the sleepcap.
The sleepcap is burned terribly!
The sleepcap is moderately damaged.
The sleepcap releases spores at you.
You are engulfed in a cloud of soporific spores!
You fall asleep.
The sleepcap releases spores at you!
You wake up.
* * * LOW HITPOINT WARNING * * *
You are engulfed in a cloud of soporific spores!
You are unaffected.
Unknown command.
Casting: Scorch (safe; 1% risk of failure)
Confirm with . or Enter, or press ? or * to list all spells.
Flames lash the sleepcap.
The sleepcap is burned terribly!
The sleepcap is heavily damaged.
The sleepcap closely misses you.
Unknown command.
Casting: Scorch (safe; 1% risk of failure)
Confirm with . or Enter, or press ? or * to list all spells.
Flames lash the sleepcap.
The sleepcap is burned terribly!
The sleepcap is almost destroyed.
The sleepcap barely misses you.
Unknown command.
You hit the sleepcap but do no damage.
The sleepcap is almost destroyed.
The sleepcap releases spores at you.
* * * LOW HITPOINT WARNING * * *
You are engulfed in a cloud of soporific spores!
You fall asleep.
The sleepcap releases spores at you!
You die...

...▒▒.▒▒▒▒.▒▒▒ ▒+▒▒
▒..▒▒.▒......▒ ....
▒..▒▒........▒ ...
▒..▒▒.▒.▒▒...▒ ...
▒..▒▒.▒.▒▒..▒
▒.▒▒▒▒.....▒.▒▒..▒▒
................>.▒▒
.<%................▒
▒%..▒▒..▒▒..▒▒▒▒Q..▒
....+........▒ ▒f..▒
..$.▒▒..▒▒...▒.....▒
....▒▒..▒▒.........▒
....▒▒.......▒.....▒
...................▒
.▒......▒▒.........▒
. ..▒.▒...▒
.........▒


You could see a sleepcap (combustible).

Vanquished Creatures
  Grinder (D:4)
  A scorpion (D:4)
  Jessica (D:2)
  2 iguanas
  Robin (D:4)
  4 gnolls
  2 adders
  2 worms
  A dart slug (D:2)
  5 orcs (D:3)
  5 endoplasms
  3 giant cockroaches
  13 goblins
  8 hobgoblins
  7 jackals
  7 kobolds
  3 quokkas
  10 ball pythons
  5 bats
  8 frilled lizards
  2 rats
91 creatures vanquished.

Vanquished Creatures (collateral kills)
  An adder (D:3)
1 creature vanquished.

Vanquished Creatures (others)
  150 foxfires
150 creatures vanquished.

Grand Total: 242 creatures vanquished

Notes
Turn   | Place    | Note
-------+----------+-------------------------------------------
     0 | D:1      | shmup the Tengu Fire Elementalist began the quest for the
                  | Orb.
     0 | D:1      | Reached XP level 1. HP: 10/10 MP: 4/4
   137 | D:1      | Reached XP level 2. HP: 15/15 MP: 6/6
   209 | D:1      | Learned a level 2 spell: Scorch
  1080 | D:2      | Reached skill level 4 in Fire Magic
  1080 | D:2      | Reached XP level 3. HP: 13/19 MP: 0/7
  1342 | D:2      | Noticed Jessica
  1344 | D:2      | Killed Jessica
  1372 | D:2      | Reached XP level 4. HP: 18/24 MP: 1/8
  1870 | D:2      | Found Leniguph's General Store.
  1878 | D:2      | Bought a potion of curing for 42 gold pieces
  2386 | D:3      | Gained mutation: Your magical nature lets you fly swiftly
                  | and evasively. [Tengu growth]
  2386 | D:3      | Reached XP level 5. HP: 24/28 MP: 3/10
  2402 | D:3      | Reached skill level 5 in Fire Magic
  2682 | D:3      | Identified the +3 trident "Xioxearu" {drain, rElec}
  3403 | D:4      | Noticed Robin
  3428 | D:4      | Reached XP level 6. HP: 27/32 MP: 0/11
  3435 | D:4      | Killed Robin
  3604 | D:4      | Noticed Grinder
  3624 | D:4      | Paralysed by Grinder for 3 turns
  3654 | D:4      | Killed Grinder
  3655 | D:4      | Reached skill level 6 in Fire Magic
  3655 | D:4      | Reached XP level 7. HP: 36/36 MP: 4/13
  3912 | D:4      | Found a glowing silver altar of Zin.
  4002 | D:5      | Entered Level 5 of the Dungeon
  4036 | D:5      | Slain by a sleepcap

Illustrated notes

Levels and vault maps discovered:
D:1:      lightli_iron_boxes, layout_loops_ring
D:2:      layout_basic, serial_shops, nicolae_shop_pleasant_corner_grove,
          minmay_goblin_kobold_house, uniq_jessica
D:3:      layout_loops_ring
D:4:      layout_rooms, mainiacjoe_overflow_concentric_impassable, uniq_grinder,
          uniq_robin
D:5:      cheibrodos_helix_gallery, layout_basic, enter_ossuary_3

Skill      XL: |  1  2  3  4  5  6 |
---------------+-------------------+-----
Conjurations   | 2 3 4 |  4.8
Fire Magic     | 4 5 6 |  6.5
Spellcasting   | 3 |  3.8
Dodging        | |  2.1
Stealth        | |  2.0

Action                     |  1- 3 |  4- 6 |  7- 9 || total
---------------------------+-------+-------+-------++-------
  Melee: Dagger            |    16 |     1 |       ||    17
         Peck              |     2 |     1 |       ||     3
         Kick              |     3 |     2 |       ||     5
         Trident           |       |    12 |     1 ||    13
   Fire: Sling             |    23 |    11 |       ||    34
   Cast: Foxfire           |    21 |    60 |     7 ||    88
         Scorch            |     8 |    14 |     6 ||    28
    Use: Scroll            |     3 |     7 |     1 ||    11
 Armour: Robe              |     5 |     1 |       ||     6
  Dodge: Dodged            |    24 |    15 |     4 ||    43
